AoeStats
← xlalox corona

Four Lakes

508082554Analyzed
1v1 RM · 11d ago on Sep 20, 2026· 42m 3s· 2 players
Game mode
Random Map
Map size
Tiny (2 player)
Population
200
Speed
Normal
Resources
Standard
Victory
Conquest
Starting age
Dark Age
Ending age
Imperial Age
RankedLock teamsTeams togetherTeam positionsShared explorationLock speedFull tech treeHidden civsTurbo modeCheats
Victory
Defeat
🇲🇽 Japanese · Mexico
1701
+14
🇲🇽 Japanese · Mexico
1663
-14
xlalox corona
7:47 Loom
10:07 Feudal Age
10:21 Man-at-Arms
15:19 Double-Bit Axe
16:39 Fletching
17:41 Padded Archer Armor
22:58 Castle Age
21:40 Gold Mining
24:03 Bodkin Arrow
23:30 Crossbowman
25:13 Bow Saw
28:53 Leather Archer Armor
35:56 Imperial Age
33:40 Elite Skirmisher
34:50 Town Watch
36:30 Ballistics
37:30 Ring Archer Armor
37:03 Bracer
36:47 Horse Collar
38:46 Ring Archer Armor
VL Genghis Khan!!!
7:16 Loom
9:38 Feudal Age
9:46 Man-at-Arms
10:16 Double-Bit Axe
13:49 Fishing Lines
14:03 Town Watch
14:10 Fletching
14:20 Padded Archer Armor
20:25 Castle Age
21:41 Wheelbarrow
21:03 Bodkin Arrow
21:22 Bloodlines
21:12 Husbandry
21:27 Gillnets
23:17 Leather Archer Armor
23:40 Bow Saw
23:53 Scale Barding Armor
28:03 Ballistics
28:07 Medium Warships
29:04 Thumb Ring
30:52 Horse Collar
36:23 Imperial Age
34:34 Heavy Plow
35:24 Yasama
35:35 Guard Tower
35:41 Murder Holes
35:56 Masonry
37:39 Kataparuto
38:25 Chemistry
38:28 Arrowslits
40:03 Bracer
40:40 Keep
41:00 Siege Engineers
Connection lost

Rejoining the realm…

Still unreachable

The connection could not be restored.

Session expired

The server has moved on; the page needs a fresh start.